 Dungeon Crawl Stone Soup version 0.21.1-1-g345015fe64 (webtiles) character file.

80 NullDivider the Charlatan (level 4, -1/23 HPs)
             Began as a Spriggan Artificer on May 30, 2018.
             Was an Initiate of Gozag.
             Slain by a gnoll (9 damage)
             ... on level 2 of the Dungeon.
             The game lasted 00:05:05 (1790 turns).

NullDivider the Charlatan (Spriggan Artificer)      Turns: 1790, Time: 00:05:05

Health: -1/23      AC:  2    Str:  8    XL:     4   Next: 18%
Magic:  8/8        EV: 19    Int: 13    God:    Gozag
Gold:   86         SH:  0    Dex: 16    Spells: 3/3 levels left

rFire    . . .     SeeInvis +   a - +0 short sword
rCold    . . .     Gourm    .   (shield restricted)
rNeg     . . .     Faith    .   b - +0 robe
rPois    .         Spirit   .   (helmet restricted)
rElec    .         Reflect  .   (no cloak)
rCorr    .         Harm     .   (gloves unavailable)
MR       .....                  (boots unavailable)
Stlth    +.........             (no amulet)
HPRegen  0.07/turn              (no ring)
MPRegen  0.11/turn              (no ring)

@: slow
A: very small, unfitting armour, see invisible, herbivore, speed 3, slow
metabolism 2
a: Potion Petition, Call Merchant, Bribe Branch, Renounce Religion


You were on level 2 of the Dungeon.
You worshipped Gozag.
Gozag was noncommittal.
You were not hungry.

You visited 1 branch of the dungeon, and saw 2 of its levels.

You collected 109 gold pieces.
You paid 23 gold pieces to Gozag.

Inventory:

Hand Weapons
 a - a +0 short sword (weapon)
 l - a +0 hunting sling
Missiles
 g - 102 arrows
 j - 38 sling bullets
 m - 70 stones (quivered)
Armour
 b - a +0 robe (worn)
Wands
 c - a wand of flame (15)
 d - a wand of enslavement (13)
 e - a wand of random effects (11)
Scrolls
 i - a scroll of remove curse {unknown}
 n - a scroll of random uselessness {unknown}
 o - a scroll of blinking {unknown}
 p - a scroll of fear {unknown}
 r - 4 scrolls of fog {unknown}
 s - a scroll of identify {unknown}
 t - a scroll of teleportation {unknown}
Potions
 h - 2 potions of curing {unknown}
 k - a potion of cancellation {unknown}
 q - a potion of haste {unknown}
Comestibles
 f - 5 rations


   Skills:
 * Level 1.7 Fighting
 * Level 2.6 Short Blades
 + Level 3.6 Dodging
 + Level 2.7 Stealth
 + Level 4.5 Evocations


You had 3 spell levels left.
You didn't know any spells.

Dungeon Overview and Level Annotations

Branches:
Dungeon (2/15)

Altars:
Gozag


Innate Abilities, Weirdness & Mutations

You are very small and have problems with some larger weapons.
You are too small for most types of armour.
You have supernaturally acute eyesight. (SInv)
You are a herbivore.
You cover ground extremely quickly.
You need consume almost no food.


Message History

The bat completely misses you.
You enter the shallow water.
Moving in this stuff is going to be slow.
The gnoll shouts! x2
The bat barely misses you.
Your unstable footing causes you to fumble your attack.
The bat closely misses you.
Your unstable footing causes you to fumble your attack.
The bat closely misses you. The gnoll completely misses you.
The gnoll splashes around in the water.
The bat closely misses you.
You closely miss the gnoll. The bat closely misses you. The gnoll misses you.
The gnoll splashes around in the water.
You hit the gnoll.
The gnoll is moderately wounded.
The bat barely misses you.
The gnoll misses you. x2; The gnoll hits you!
Your unstable footing causes you to fumble your attack.
The bat misses you. The gnoll completely misses you.
The gnoll hits you with a club! The gnoll hits you!
You die...
Your body crumbles into a pile of gold.

#.##.≈≈.#
#.....#
#.##.≈≈.#
#.....#
#.##.≈≈.#
#.....#
#.8#.≈≈.#
#.....#
#..#.≈≈.#
#.##.#.>#
#'##.≈≈.#
#......#
#..'.≈≈.#
###.#.##
#..#.≈≈.#
$#....#
#..#b@≈.#
#....#
#..#ggg.#
#....#
#..#.≈≈.#
#....#
#..#.≈≈.#
##...#
#..#.≈≈.#
.# .#
#.)##≈≈##
####


You could see 3 gnolls and a bat.

Vanquished Creatures
  2 adders (D:2)
  An ooze (D:2)
  A worm (D:2)
  5 dart slugs
  2 leopard geckos (D:2)
  A giant cockroach (D:2)
  8 goblins
  6 hobgoblins
  A jackal (D:2)
  A quokka (D:2)
  3 bats
  7 frilled lizards
  4 kobolds
  6 rats
48 creatures vanquished.

Vanquished Creatures (collateral kills)
  A bat (D:2)
  2 frilled lizards (D:2)
3 creatures vanquished.

Vanquished Creatures (others)
  A plant (D:2)
1 creature vanquished.

Grand Total: 52 creatures vanquished

Notes
Turn   | Place    | Note
-------+----------+-------------------------------------------
     0 | D:1      | NullDivider the Spriggan Artificer began the quest for the Orb.
     0 | D:1      | Reached XP level 1. HP: 9/9 MP: 4/4
   112 | D:1      | Reached skill level 1 in Fighting
   124 | D:1      | Reached XP level 2. HP: 14/14 MP: 6/6
   661 | D:2      | Reached XP level 3. HP: 6/18 MP: 7/7
  1329 | D:2      | Found an opulent altar of Gozag.
  1606 | D:2      | Became a worshipper of Gozag Ym Sagoz the Greedy
  1633 | D:2      | Reached XP level 4. HP: 22/22 MP: 8/8
  1790 | D:2      | Slain by a gnoll

Skill      XL: |  1  2 |
---------------+-------+-----
Fighting       | 1 |  1.7
Stealth        | 2 |  2.7
Short Blades   | 2 |  2.6
Dodging        | |  3.6
Evocations     | |  4.5

Action                   |  1- 3 |  4- 6 || total
-------------------------+-------+-------++-------
Melee: Short sword       |   138 |    22 ||   160
Evoke: Wand              |     6 |       ||     6
 Stab: Sleeping          |     8 |       ||     8
Armor: Robe              |    15 |     1 ||    16
Dodge: Dodged            |   126 |    25 ||   151
